 Dungeon Crawl Stone Soup version 0.18-a0-824-g47fe746 (webtiles) character file.

126 JokEr the Insei (level 5, -7/36 HPs)
             Began as an Octopode Transmuter on Dec 17, 2015.
             Mangled by an iguana (14 damage)
             ... on level 3 of the Dungeon.
             The game lasted 00:04:38 (2482 turns).

JokEr the Insei (Octopode Transmuter)               Turns: 2482, Time: 00:04:38

Health: -7/36      AC:  1    Str: 10    XL:     5   Next: 9%
Magic:  8/8        EV: 12    Int: 16    God:
Gold:   144        SH:  0    Dex: 12    Spells: 1 memorised, 7 levels left

rFire  . . .     SeeInvis .       - Unarmed
rCold  . . .     Gourm    .     (no shield)
rNeg   . . .     Faith    .     (helmet restricted)
rPois  .         Spirit   .     g - amulet of regeneration
rElec  .         Dismiss  .     (no ring)
rCorr  .         Reflect  .     (no ring)
SustAt .         Harm     .     (no ring)
MR     .....                    (no ring)
Stlth  ++........               (no ring)
                                (no ring)
                                (no ring)
                                (no ring)

@: appendage (expiring), not resistant to hostile enchantments, unstealthy
A: almost no armour, amphibious, 8 rings, constrict 8, tentacle spike 3,
camouflage 1, gelatinous body 1
a: End Transformation


You were on level 3 of the Dungeon.
You were not hungry.
One of your tentacles had a temporary spike.
You visited 1 branch of the dungeon, and saw 3 of its levels.

You collected 144 gold pieces.

Inventory:

Missiles
 a - 76 arrows
Jewellery
 g - an amulet of regeneration (around mantle)
Scrolls
 c - a scroll of teleportation {unknown}
 d - 2 scrolls of remove curse
 i - a scroll of identify
 n - a scroll of blinking
Potions
 e - a potion of curing {unknown}
 f - a potion of might {unknown}
 l - a potion of heal wounds {unknown}
 m - a potion of agility {unknown}
 p - a potion of flight {unknown}
 q - a potion of mutation {unknown}
Books
 b - a book of Changes

   Spells                             Type                      Level
   a - Beastly Appendage              Transmutation                1
   b - Sticks to Snakes               Transmutation                2
   c - Spider Form                    Transmutation/Poison         3
   d - Ice Form                       Ice/Transmutation            4
   e - Blade Hands                    Transmutation                5
Comestibles
 h - a slice of pizza
 j - 3 meat rations
 k - a royal jelly


   Skills:
 + Level 2.9 Fighting
 - Level 2.0 Dodging
 + Level 4.0 Unarmed Combat
 - Level 2.0 Spellcasting
 + Level 3.2 Transmutations


You had 7 spell levels left.
You knew the following spells:

 Your Spells              Type           Power        Failure   Level  Hunger
a - Beastly Appendage     Trmt           ##....       8%          1    #......


Dungeon Overview and Level Annotations

Branches:
Dungeon (3/15)

Altars:
Ashenzari


Innate Abilities, Weirdness & Mutations

You cannot wear most types of armour.
You are amphibious.
You can wear up to eight rings at the same time.
You can use your tentacles to constrict eight enemies at once.
Your skin changes colour to match your surroundings (Stealth).
Your rubbery body absorbs attacks (AC +1).
One of your tentacles bears a large vicious spike.


Message History

The kobold is severely wounded.
Your transformation is almost over.
You constrict the kobold.
You kill the kobold!
You barely miss the iguana. You grab the iguana.
You constrict the iguana, but do no damage.
The iguana bites you!
You barely miss the iguana.
You pierce the iguana.
The iguana is lightly wounded.
You constrict the iguana. The iguana bites you!
* * * LOW HITPOINT WARNING * * *
You tentacle-slap the iguana.
You pierce the iguana, but do no damage.
You squeeze the iguana.
The iguana is moderately wounded.
You constrict the iguana. The iguana barely misses you.
You tentacle-slap the iguana but do no damage.
The iguana is heavily wounded.
You constrict the iguana. The iguana bites you!
You die...

# #....# #.# )#
#....# #.## .#
#########..##.#
#.....(.#.#
#.....†(#.# #
#.......#.###.#
#.......#.....#
#..........#
#.......@l.#
######..)..#
#..#.#...
#....#.###
...... #
........ #....
>.. #.... ..[.


You could see an iguana.

Vanquished Creatures
  An orc priest (D:3)
  An orc wizard (D:3)
  An ooze (D:1)
  A worm (D:2)
  4 orcs (D:3)
  4 bats
  2 giant cockroaches
  7 goblins
  6 hobgoblins
  8 jackals
  3 ball pythons
  A giant gecko (D:1)
  2 giant newts (D:1)
  7 kobolds
  A quokka (D:3)
  6 rats
55 creatures vanquished.

Notes
Turn   | Place    | Note
--------------------------------------------------------------
     0 | D:1      | JokEr the Octopode Transmuter began the quest for the Orb.
     0 | D:1      | Reached XP level 1. HP: 13/13 MP: 3/3
   245 | D:1      | Reached XP level 2. HP: 15/18 MP: 3/5
   793 | D:1      | Reached XP level 3. HP: 11/24 MP: 4/6
  1515 | D:2      | Found a shattered altar of Ashenzari.
  2100 | D:3      | Reached XP level 4. HP: 27/30 MP: 7/7
  2182 | D:3      | Reached skill level 4 in Unarmed Combat
  2182 | D:3      | Reached XP level 5. HP: 32/36 MP: 8/8
  2482 | D:3      | Mangled by an iguana

Vault maps used:
D:1:      minmay_arrival_shattered_statue
D:2:      lemuel_round_altar
D:3:      lemuel_castle_with_subvaults

Action                   |  1- 3 |  4- 6 || total
-------------------------+-------+-------++-------
Melee: Unarmed           |   104 |    38 ||   142
 Cast: Beastly Appendage |    13 |     5 ||    18
  Use: Scroll            |     8 |     1 ||     9
 Stab: Sleeping          |     6 |     2 ||     8
  Eat: Chunk             |     3 |       ||     3
       Bread ration      |     1 |       ||     1
